 Dungeon Crawl Stone Soup version 0.26.1-11-gd32895ea62 (webtiles) character file.

Game seed: 15096539594972187449

688 nothank2 the Covert (level 7, -9/33 HPs)
             Began as a Spriggan Enchanter on June 23, 2021.
             Killed by divine providence
             ... invoked by an orc priest
              (14 damage)
             ... on level 5 of the Dungeon on June 24, 2021.
             The game lasted 00:22:33 (7595 turns).

nothank2 the Covert (Spriggan Enchanter)            Turns: 7595, Time: 00:22:34

Health: -9/33      AC:  4    Str:  4    XL:     7   Next: 36%
Magic:  13/14      EV: 19    Int: 23    God:
Gold:   256        SH:  0    Dex: 18    Spells: 8/14 levels left

rFire    + . .     SeeInvis +   q - +4 short sword
rCold    + . .     Faith    .   (shield restricted)
rNeg     . . .     Spirit   .   m - +2 robe {rC+ rF+}
rPois    .         Reflect  .   (helmet restricted)
rElec    .         Harm     .   (no cloak)
rCorr    .         Rampage  .   (gloves unavailable)
Will     ++...                  (boots unavailable)
Stlth    +++++.....             (no amulet)
HPRegen  0.11/turn              i - ring of willpower
MPRegen  0.14/turn              v - +6 ring of intelligence

@: very quick
A: very small, unfitting armour, see invisible, speed 3
a: no special abilities


You were on level 5 of the Dungeon.
You visited 1 branch of the dungeon, and saw 5 of its levels.

You collected 256 gold pieces.

Inventory:

Hand Weapons
 a - a +1 dagger
 f - a +1 falchion of flaming
 q - a +4 short sword (weapon)
Missiles
 l - 15 poisoned darts
Armour
 b - a +0 robe
 m - a +2 robe of resistance (worn)
Jewellery
 i - a ring of willpower (left hand)
 v - a +6 ring of intelligence (right hand)
Wands
 s - a wand of paralysis (9)
 t - a wand of enslavement (5)
 x - a wand of flame (20)
Scrolls
 c - 5 scrolls of remove curse
 h - a scroll of identify
 j - a scroll of random uselessness
 n - 3 scrolls of magic mapping
 y - a scroll of fog
Potions
 d - 3 potions of curing
 e - 2 potions of brilliance
 g - 2 potions of lignification
 k - a potion of berserk rage
 o - 2 potions of heal wounds
 p - a potion of degeneration
 r - a potion of might
 u - a potion of flight
 w - a potion of haste


   Skills:
 + Level 1.0 Fighting
 + Level 3.6 Short Blades
 + Level 3.4 Dodging
 - Level 10.0 Stealth
 - Level 4.0 Spellcasting
 - Level 5.2 Hexes


You had 8 spell levels left.
You knew the following spells:

 Your Spells              Type           Power        Failure   Level
a - Corona                Hex            31%          1%          1
b - Ensorcelled Hibernat  Hex/Ice        32%          5%          2
c - Tukima's Dance        Hex            28%          3%          3

Your spell library contained the following spells:

 Spells                   Type           Power        Failure   Level
 Confusing Touch          Hex            28%          3%          3
 Dazzling Flash           Conj/Hex       32%          11%         3


Dungeon Overview and Level Annotations

Branches:
Dungeon (5/15)
 Temple: D:4-7

Altars:
Qazlal
Vehumet
Xom


Innate Abilities, Weirdness & Mutations

You are very small and have problems with some larger weapons.
You are too small for most types of armour.
You have supernaturally acute eyesight. (SInv)
You cover ground extremely quickly.


Message History

Aiming: Tukima's Dance (dangerous; 3% risk of failure)
Press: ? - help, Shift-Dir - straight line, f/p - orc priest
Aim: an orc priest, wearing a +0 leather armour (moderately wounded, not susceptible)
Okay, then.
Unknown command.
You hit the orc priest.
The orc priest is moderately wounded.
The orc priest barely misses you.
You hit the orc priest but do no damage.
The orc priest is moderately wounded.
The orc priest hits you but does no damage.
You closely miss the orc priest.
The orc priest is moderately wounded.
The orc priest hits you.
* * * LOW HITPOINT WARNING * * *
Things that are here:
a +0 hand axe; an orc corpse The orc priest invokes the aid of Beogh against you.
Beogh smites you!
You die...

............# #.# #
.)..........# #...
.......#....# #....
########..).# ##.... #
##....# ##... ## #.....#
##..# .## #.....# ##...#### .
..#####.....# ###.o....$# .
#...........####@).........#
.
##.........)##..######.......
. ##............## ####... .
##.........### ## .
##......### . ##.##...# #
#..###..## ##.## #...# #..#
##..#


You could see an orc priest.

Vanquished Creatures
  A necrophage (D:4)
  An ogre (D:4)
  A scorpion (D:5)
  2 bullfrog zombies (D:5)
  An orc priest (D:4)
  An orc wizard (D:5)
  Jessica (D:3)
  An iguana (D:5)
  3 worker ants
  Robin (D:4)
  8 adders
  An ooze (D:4)
  A worm (D:2)
  2 dart slugs (D:1)
  3 leopard geckos
  16 orcs
  7 bats
  2 giant cockroaches
  15 hobgoblins
  2 jackals (D:3)
  4 quokkas
  5 frilled lizards
  19 goblins
  10 kobolds
  A quokka skeleton (D:4)
  6 rats
115 creatures vanquished.

Notes
Turn   | Place    | Note
-------+----------+-------------------------------------------
     0 | D:1      | nothank2 the Spriggan Enchanter began the quest for the
                  | Orb.
     0 | D:1      | Reached XP level 1. HP: 9/9 MP: 5/5
  1138 | D:1      | Reached XP level 2. HP: 10/13 MP: 4/6
  2024 | D:1      | Learned a level 2 spell: Ensorcelled Hibernation
  2060 | D:1      | Reached XP level 3. HP: 16/16 MP: 6/8
  2621 | D:2      | Reached skill level 5 in Hexes
  3019 | D:2      | Reached XP level 4. HP: 21/21 MP: 10/10
  3657 | D:3      | Reached skill level 5 in Stealth
  4746 | D:3      | Reached skill level 6 in Stealth
  4755 | D:3      | Noticed Jessica
  4761 | D:3      | Killed Jessica
  4762 | D:3      | Reached XP level 5. HP: 24/24 MP: 7/12
  5036 | D:4      | Reached skill level 7 in Stealth
  5167 | D:4      | Noticed an ogre
  5172 | D:4      | Killed an ogre
  5173 | D:4      | Reached skill level 8 in Stealth
  5173 | D:4      | Reached XP level 6. HP: 28/28 MP: 10/13
  5200 | D:4      | Learned a level 3 spell: Tukima's Dance
  5239 | D:4      | Reached skill level 9 in Stealth
  5351 | D:4      | Found a stormy altar of Qazlal.
  5463 | D:4      | Found a burning altar of Makhleb.
  5496 | D:4      | Noticed Robin
  5497 | D:4      | Found a blossoming altar of Fedhas.
  5497 | D:4      | Found a hazy altar of Hepliaklqana.
  5733 | D:4      | Killed Robin
  5954 | D:4      | Found a shimmering altar of Xom.
  5954 | D:4      | Found a shimmering blue altar of Sif Muna.
  5954 | D:4      | Found a sacrificial altar of Ru.
  6348 | D:4      | Found a radiant altar of Vehumet.
  6413 | D:4      | Reached skill level 10 in Stealth
  6749 | D:5      | Entered Level 5 of the Dungeon
  6825 | D:5      | Reached XP level 7. HP: 32/32 MP: 11/14
  7366 | D:5      | Reached skill level 1 in Fighting
  7595 | D:5      | Killed from afar by an orc priest

Illustrated notes

Levels and vault maps discovered:
D:1:      nzn_arrival_crosshair, layout_loops_ring, glass_columns_a
D:2:      layout_loops_ring
D:3:      layout_loops_corners, hex_medium, uniq_jessica
D:4:      layout_basic, lemuel_round_altar, doesnt_xom_only_xom,
          vehumet_altar_wand_db, uniq_robin
D:5:      layout_cave_pods, nemelex_spade_bored_becter

Skill      XL: |  1  2  3  4  5  6  7 |
---------------+----------------------+-----
Hexes          | 4 5 |  5.2
Spellcasting   | 3 4 |  4.0
Stealth        | 6 8 10 | 10.0
Short Blades   | 2 3 |  3.6
Fighting       | 1 |  1.0
Dodging        | |  3.4

Action                   |  1- 3 |  4- 6 |  7- 9 || total
-------------------------+-------+-------+-------++-------
Melee: Dagger            |   171 |    70 |       ||   241
       Short sword       |       |   111 |    43 ||   154
Throw: Stone             |    19 |       |       ||    19
 Cast: Corona            |    24 |    27 |     3 ||    54
       Ensorcelled Hiber |       |    34 |    13 ||    47
       Tukima's Dance    |       |     3 |       ||     3
  Use: Scroll            |       |    18 |       ||    18
 Stab: Sleeping          |     9 |    34 |     9 ||    52
Armor: Robe              |    18 |    14 |     4 ||    36
Dodge: Dodged            |   129 |   122 |    37 ||   288
